[Event "*** SCC Grand Prix: Titled Tuesday Blitz"]
[Site "Chess.com"]
[Date "2020.08.11"]
[Round "8"]
[White "XiaoKangZhong"]
[Black "AJSC02"]
[Result "1-0"]
[WhiteElo "2425"]
[BlackElo "2265"]
[TimeControl "180+1"]
[EndTime "11:35:44 PDT"]
[Termination "XiaoKangZhong won on time"]

1. e4 c5 2. c3 d5 3. exd5 Qxd5 4.
d4 Nf6 5. Nf3 Bg4 6. Be2 e6 7. h3 Bh5 8. Be3 cxd4 9. cxd4 Be7 10. Nc3 Qd6 11. Nb5 Qd8 12. O-O O-O 13. a4 a6 14. Nc3 Nc6 15. Qd2 Nb4 16. b3 Rc8 17.
Rac1 Nbd5 18. Nxd5 Nxd5 19. Rfd1 Bb4 20. Qd3 Bg6 21.
Rxc8 Qxc8 22. Qc4 Qb8 23. Rc1 Ba3 24. Ra1 Rc8 25. Rxa3 Rxc4 26. bxc4 Nxe3 27. fxe3 Qd6 28. Rb3 Qc6 29. Ne5 Qxa4 30. Rxb7 h6 31. Nxg6 fxg6 32. c5 Qa1+ 33. Kf2 Qc3 34. Bxa6 Qd2+ 35. Be2 Qc2 36. g4 e5 37. Re7 exd4 38. exd4 Qc3 39. Re4 Qc2 40. Ke3 Qc1+ 41. Kf2 Qc2 42. Kf3 Qc3+ 43.
Kg2 Qc2 44. Re3 Qc1 45. Kf2 Qc2 46. Kf3 g5 47. Bd3 Qd1+ 48. Ke4 Qh1+ 49. Ke5 Qc6 50. Bc4+ Kh8 51. d5 Qf6+ 52. Ke4 Qf4+ 53. Kd3 Qf1+ 54.
Kd4 Qf4+ 55. Re4 Qf6+ 56. Kd3 Qf1+ 57. Kc3 Qc1+ 58. Kb4 Qb2+ 59. Ka5 Qa1+ 60. Kb6 Qb1+ 61. Kc6 Qxe4 62. Bb5 Qg6+ 63. d6 Qe6 64. Kb6 1-0

[Event "*** SCC Grand Prix: Titled Tuesday Blitz"]
[Site "Chess.com"]
[Date "2020.08.11"]
[Round "8"]
[White "martynkovaelena"]
[Black "Barmen_EV"]
[Result "1-0"]
[WhiteElo "2261"]
[BlackElo "2400"]
[TimeControl "180+1"]
[EndTime "11:35:44 PDT"]
[Termination "martynkovaelena won by checkmate"]

1. d4 d5 2. c4 e6 3. Nf3 Nf6 4.
g3 dxc4 5. Bg2 Nc6 6. Qa4 Bb4+ 7. Bd2 Nd5 8. Bxb4 Nxb4 9. Na3 Bd7 10. Qb5 O-O 11. Qxc4 Qe7 12. O-O e5 13. dxe5 Be6 14. Qf4 Nxa2 15. Nb5 Nab4 16. Nfd4 Nxd4 17. Nxd4 c5 18.
Nxe6 fxe6 19. Qc4 a6 20. Rac1 Rac8 21. Rfd1 b5 22. Qg4 c4 23. Rd6 Rce8 24. Rcd1 Qf7 25.
f4 Kh8 26. Be4 Nd5 27. Bxd5 exd5 28. R1xd5 b4 29. Rd7 Qg8 30. Rc5 Rf7 31. Rxc4 Rxd7 32. Qxd7 Rd8 33. Qc6 a5 34. Kf2 h6 35. Qe4 Re8 36.
b3 Qf8 37. Qc6 Qe7 38. Rd4 Rf8 39. Rd7 Qe8 40. Qd5 Qb8 41. Rb7 Qa8 42. Qd7 Rg8 43. e6 a4 44. e7 Qa5 45. Qxa4 Qc5+ 46. Kf1 Qc1+ 47. Kg2 Qe3 48. Qb5 Qe4+ 49. Kf2 Qd4+ 50. Kf3 Qd6 51. Qd7 Rf8 52. exf8=Q+ Qxf8 53. Qc7 Qg8 54. Rb8 Kh7 55. Rxg8 Kxg8 56. Qc4+ Kh7 57. Qxb4 h5 58. Qc5 Kh6 59. b4 h4 60. Qg5+ Kh7 61. f5 Kg8 62. f6 Kf7 63. Qxg7+ Ke6 64. Qe7+ Kd5 65. f7 Kc4 66. f8=Q Kb3 67. Qe6+ Ka4 68.
Qa8+ Kb5 69. Qa5# 1-0

[Event "*** SCC Grand Prix: Titled Tuesday Blitz"]
[Site "Chess.com"]
[Date "2020.08.11"]
[Round "8"]
[White "Zhani-Z"]
[Black "GalperinPlaton"]
[Result "1/2-1/2"]
[WhiteElo "2469"]
[BlackElo "2609"]
[TimeControl "180+1"]
[EndTime "11:35:45 PDT"]
[Termination "Game drawn - insufficient material"]

1. e4 c5 2. Nf3 a6 3. g3 b5 4. Bg2 Bb7 5. O-O Bxe4 6. Nc3 Bb7 7.
d4 cxd4 8. Nxd4 Bxg2 9. Kxg2 e6 10. Re1 Nf6 11. Qf3 d5 12. Bg5 Be7 13. Nf5 exf5 14.
Bxf6 gxf6 15. Nxd5 Ra7 16. Rad1 Rd7 17. Nxf6+ Kf8 18.
Nxd7+ Nxd7 19. Qc6 Ke8 20. Re2 Rg8 21. Red2 Rg6 22.
Qxd7+ Qxd7 23. Rxd7 Bc5 24. R7d5 Rc6 25. Rxf5 b4 26.
Re1+ Kf8 27. Re4 Be7 28. Ref4 f6 29. Ra5 Rxc2 30. Rxa6 Rxb2 31. Re4 Bc5 32. Rxf6+ Kg7 33. Rf5 Ba7 34. Re7+ Kg6 35. Rxa7 Kxf5 36. h4 h5 37.
Ra5+ Ke4 38. Rxh5 Rxa2 39. Rb5 Ra4 40. h5 Kd4 41. h6 Kc4 42. Rb7 Ra6 43. h7 Rh6 44. g4 b3 45. g5 Rh5 46. f4 Kd5 47. Rxb3 Rxh7 48. Re3 Kd4 49. Re1 Rh4 50. Kg3 Rh8 51.
Kg4 Rh2 52. g6 Kd5 53. Kf5 Rg2 54. Rd1+ Kc6 55. Kf6 Rg1 56. f5 Rxd1 57. g7 Rg1 58. Kf7 Kd6 59. f6 Ke5 60. Ke7 Rg6 61. f7 Rxg7 62. Ke8 Rxf7 63. Kxf7 1/2-1/2

[Event "*** SCC Grand Prix: Titled Tuesday Blitz"]
[Site "Chess.com"]
[Date "2020.08.11"]
[Round "8"]
[White "davidkalashian"]
[Black "GianmarcoVaR"]
[Result "0-1"]
[WhiteElo "2564"]
[BlackElo "2463"]
[TimeControl "180+1"]
[EndTime "11:35:48 PDT"]
[Termination "GianmarcoVaR won on time"]

1. d4 Nf6 2. c4 e6 3. Nf3 b6 4.
g3 Bb4+ 5. Bd2 c5 6. Bg2 Bb7 7. O-O O-O 8. Bf4 cxd4 9. Qxd4 Nc6 10. Qd3 d5 11. a3 Be7 12. Nc3 dxc4 13. Qxc4 Na5 14. Qa4 Rc8 15. Rfd1 Qe8 16. Qxe8 Rfxe8 17. Nb5 Nb3 18. Ra2 Red8 19. Re1 a6 20. Nc3 Nd5 21. Nd2 Nxc3 22. bxc3 Bxg2 23. Kxg2 Nxd2 24. Bxd2 b5 25. e4 Rc4 26. Kf3 h5 27. h4 Rdc8 28. Rb1 Ra4 29. Rb3 Bf6 30. Rc2 Rcc4 31. Rb4 Rxa3 32. Rxc4 bxc4 33.
Kf4 Rb3 34. e5 Be7 35. Ra2 Rb6 36. Ra4 Rc6 37. Ke4 g6 38. f4 Bf8 39. Be3 Be7 40.
Bd4 Kf8 41. Kf3 Ke8 42. Ke4 Kd7 43. Ra2 Kc7 44. Rb2 Bc5 45. Ra2 Kb7 46. Rb2+ Kc7 47. Ra2 Bxd4 48. Kxd4 Kb7 49. Ra5 Kb6 50. Ra2 Rc5 51.
Rb2+ Rb5 52. Ra2 Rb1 53. Kxc4 Rg1 54. Rd2 Kc6 55. Rd6+ Kc7 0-1

[Event "*** SCC Grand Prix: Titled Tuesday Blitz"]
[Site "Chess.com"]
[Date "2020.08.11"]
[Round "8"]
[White "UCantHandleDenker"]
[Black "grunbergmihai"]
[Result "0-1"]
[WhiteElo "2563"]
[BlackElo "2463"]
[TimeControl "180+1"]
[EndTime "11:35:49 PDT"]
[Termination "grunbergmihai won by resignation"]

1. Nf3 Nf6 2. g3 g6 3. Bg2 Bg7 4. O-O O-O 5. d3 c5 6. Nbd2 d5 7. e4 Nc6 8. Re1 dxe4 9. dxe4 Rb8 10. a4 b6 11. c3 Ba6 12. e5 Nd5 13. e6 f5 14. Ng5 Ne5 15. Ndf3 Nd3 16. Nf7 Qc8 17. N3g5 Nxe1 18. Bxd5 Nd3 19. Bf4 Nxf4 20. gxf4 Bb7 21.
Qf3 Bxd5 22. Qxd5 Qc7 23. Nh3 Bf6 24. Rd1 Kg7 25. Qd7 Rbc8 26. Kg2 Qc6+ 27. Kg3 Rc7 28. Qxc6 Rxc6 29. Re1 c4 30. Nhg5 Bxg5 31. fxg5 Rc5 32. Rd1 Rc6 33. Re1 Rfc8 34. Kf4 a6 35. h4 b5 36.
axb5 axb5 37. Re5 Rc5 38. Re2 Rb8 39. Ne5 Rd5 40. Nd7 Rb7 41. Ne5 Rd6 42. Nf3 Rbb6 43.
Nd4 b4 44. Ke5 bxc3 45. bxc3 Ra6 46. Rb2 Ra5+ 47. Kf4 Ra8 48. Rb7 Kf8 49. Ke5 Rc8 50. Rb5 Ke8 51. h5 Kf8 52. hxg6 hxg6 53. Rb7 Ra6 54. Kd5 Ra5+ 55. Nb5 Rd8+ 56. Kxc4 Rc8+ 57. Kb4 Ra1 58. Nd4 Rb1+ 59. Nb3 Rd8 60. Kc4 Rc8+ 61.
Kb4 Rf1 62. Rd7 Rb8+ 63. Kc4 Rxf2 64. Nc5 Rf4+ 65. Rd4 Rxd4+ 66. cxd4 Rb1 67. d5 f4 68. Nd3 Rf1 69. Kd4 Ke8 70. Ke4 f3 71. Ke3 Kd8 72.
Ne5 Re1+ 73. Kxf3 Rxe5 74. Kf4 Rxd5 0-1

[Event "*** SCC Grand Prix: Titled Tuesday Blitz"]
[Site "Chess.com"]
[Date "2020.08.11"]
[Round "8"]
[White "TigrVShlyape"]
[Black "lucasmito"]
[Result "1/2-1/2"]
[WhiteElo "2841"]
[BlackElo "2627"]
[TimeControl "180+1"]
[EndTime "11:35:53 PDT"]
[Termination "Game drawn by stalemate"]

1. d4 d5 2. Nf3 Nf6 3. Bf4 c5 4. e3 Nc6 5. Nbd2 Bf5 6. dxc5 e6 7.
Nd4 Bxc5 8. Nxf5 exf5 9. c3 O-O 10. h3 Re8 11. g4 d4 12. cxd4 Nxd4 13. Bg2 Nd5 14. Bxd5 Qxd5 15. O-O Ne6 16. Nb3 Nxf4 17. Qxd5 Nxd5 18. Nxc5 f4 19. Rad1 Nb4 20. exf4 Nxa2 21. Nxb7 Reb8 22. Rd7 Nb4 23. Re1 Nc6 24. f5 h6 25. Kg2 a5 26. Nd6 Rd8 27. Rxd8+ Rxd8 28. Nc4 Rd4 29. Re8+ Kh7 30. Ne3 Rb4 31. h4 Rxb2 32. g5 hxg5 33. hxg5 a4 34. Ra8 Rb4 35. Kg3 Ne5 36. f4 Nd3 37. Nd5 Rd4 38. Ne7 Rxf4 39. g6+ fxg6 40. fxg6+ Kh6 41. Rd8 Re4 42. Ng8+ Kxg6 43.
Rxd3 Kh7 44. Rd8 a3 45. Ra8 a2 46. Nf6+ gxf6 47. Rxa2 Kg6 48. Kf3 Re8 49. Kf4 Rc8 50. Ra5 Rc4+ 51. Kf3 f5 52. Kg3 Kg5 53. Ra8 Rc3+ 54.
Kf2 Kg4 55. Rg8+ Kf4 56. Ra8 Rc2+ 57. Kf1 Kg3 58. Ra3+ Kg4 59. Rb3 f4 60. Ra3 Rc4 61.
Rb3 Ra4 62. Kf2 Ra2+ 63. Kf1 Ra8 64. Rc3 Re8 65. Kf2 Re7 66. Rb3 Rh7 67. Rc3 Rh2+ 68. Kf1 Rb2 69. Ra3 f3 70. Ra8 Rb5 71. Rg8+ Rg5 72.
Rxg5+ Kxg5 73. Kf2 Kf4 74. Kf1 Ke3 75. Ke1 f2+ 76. Kf1 Kf3 1/2-1/2

[Event "*** SCC Grand Prix: Titled Tuesday Blitz"]
[Site "Chess.com"]
[Date "2020.08.11"]
[Round "8"]
[White "IMAghasiyevKamal"]
[Black "Artyom_ChessMate"]
[Result "1/2-1/2"]
[WhiteElo "2450"]
[BlackElo "2559"]
[TimeControl "180+1"]
[EndTime "11:35:54 PDT"]
[Termination "Game drawn by repetition"]

1. e4 c5 2. Nf3 d6 3. d4 cxd4 4. Nxd4 Nf6 5. Nc3 g6 6. Be3 Bg7 7. f3 O-O 8. Qd2 Nc6 9. O-O-O d5 10. Qe1 e5 11. Nxc6 bxc6 12. exd5 Nxd5 13. Bc5 Bh6+ 14. Kb1 Nxc3+ 15. bxc3 Rb8+ 16. Ka1 Qa5 17. Bb4 Qa4 18. Bc4 c5 19. Bb3 Qc6 20. Bd5 Qc7 21. Ba3 Bf5 22.
Qf2 Qa5 23. Qxc5 Rb5 24. Qc4 Rxd5 25. Bxf8 Rxd1+ 26. Rxd1 Bxf8 27. Rd5 Qa3 28. Qb3 Qc1+ 29. Qb1 Qe3 30. Qb8 Qxc3+ 31. Qb2 Qe1+ 32. Qb1 Qe3 33.
Rd8 Kg7 34. Qb2 Be7 35. Rd1 Bf6 36. Rd6 Qg1+ 37. Qb1 Qc5 38. Rxf6 Kxf6 39. Qb2 Qg1+ 40.
Qb1 Qxg2 41. Qb8 Qf1+ 42. Kb2 Qc4 43. Qd6+ Qe6 44. Qd8+ Qe7 45. Qh8+ Ke6 46. Qc8+ Qd7 47. Qc4+ Qd5 48. Qc8+ Kf6 49. Qh8+ Kg5 50. Qxh7 Qb5+ 51.
Kc1 Qf1+ 52. Kb2 Qb5+ 53. Kc1 Kf6 54. Qh8+ Ke6 55. Qc8+ Qd7 56. Qc4+ Ke7 57. Qc5+ Kf6 58. h4 Qc8 59. Qd6+ Kg7 60. Qxe5+ Kh7 61. Qe2 Qc3 62.
Kd1 Qa1+ 63. Kd2 Qd4+ 64. Ke1 Qxh4+ 65. Kd2 Qd4+ 66. Kc1 Qc3 67. Qh2+ Kg7 68. a4 Qa3+ 69. Kd2 Qxa4 70. Qe5+ Kg8 71. Qb8+ Kg7 72. Qe5+ Kh7 73.
Qh2+ Kg7 74. Qe5+ 1/2-1/2

[Event "*** SCC Grand Prix: Titled Tuesday Blitz"]
[Site "Chess.com"]
[Date "2020.08.11"]
[Round "8"]
[White "GiantThresher"]
[Black "pedromartinez91"]
[Result "1-0"]
[WhiteElo "2726"]
[BlackElo "2577"]
[TimeControl "180+1"]
[EndTime "11:35:56 PDT"]
[Termination "GiantThresher won on time"]

1. e4 Nf6 2. e5 Ng8 3. Nc3 d6 4. exd6 exd6 5. d4 Nf6 6. Bf4 Be7 7. Qd2 Kf8 8. O-O-O Nc6 9. d5 Nb8 10. Nf3 Nbd7 11. h3 Nc5 12. Re1 Bf5 13. Nd4 Bd7 14. g4 h6 15. Bg2 Ne8 16. Bh2 Bh4 17. Kb1 b5 18. Ne4 Nxe4 19. Rxe4 Nf6 20. Re2 Qb8 21. Nf3 Bg5 22. Nxg5 hxg5 23. Qxg5 Qb6 24. Bf4 b4 25. Be3 Qb5 26. Rd2 Bxg4 27. Bd4 Rh5 28. Qe3 Re8 29. Qg3 Bxh3 30. Bxf6 gxf6 31. Bxh3 Qc4 32. Rhd1 Ree5 33. Bf1 Qc5 34. Bg2 Rhg5 35. Qh3 Rh5 36. Qc8+ Kg7 37.
Bf3 Rh2 38. Qg4+ Rg5 39. Qe4 Rxf2 40. Rxf2 Qxf2 41. b3 Rg1 42. Rxg1+ Qxg1+ 43. Kb2 Qc5 44. Qg4+ Kf8 45. Qc4 Qe3 46. Be4 f5 47. Bd3 Qe5+ 48. Kb1 a5 49. Be2 f4 50. Qd3 f5 51. Bd1 Ke7 52. Qf3 Kf6 53. Be2 Qd4 54. Bd3 Ke5 55.
Qe2+ Qe3 56. Qh5 f3 57. Qxf5+ Kd4 58. Qg4+ Kc3 59. Qc4+ Kd2 60. a4 Qe1+ 61. Ka2 Qc1 62. Qf4+ Kd1 63. Qxf3+ Kd2 64. Qf4+ Kd1 65. Qf1+ Kd2 66.
Qf2+ Kd1 67. Qg1+ Kd2 68. Qxc1+ Kxc1 69. Ka1 Kd2 70. Kb2 Kd1 71. c3 Kd2 72. cxb4 Kxd3 73.
bxa5 1-0

[Event "*** SCC Grand Prix: Titled Tuesday Blitz"]
[Site "Chess.com"]
[Date "2020.08.11"]
[Round "8"]
[White "CrazyMartian"]
[Black "korbul"]
[Result "1/2-1/2"]
[WhiteElo "2341"]
[BlackElo "2554"]
[TimeControl "180+1"]
[EndTime "11:36:01 PDT"]
[Termination "Game drawn - insufficient material"]

1. d4 Nf6 2. Bf4 b6 3. e3 Bb7 4.
Nd2 g6 5. h3 Bg7 6. Ngf3 O-O 7.
c3 d6 8. Bd3 Nbd7 9. Bh2 e6 10.
O-O Qe7 11. Re1 e5 12. e4 Rad8 13. d5 h6 14. b4 Nh7 15. Qc2 Ndf6 16. a4 a6 17. a5 b5 18. c4 bxc4 19. Bxc4 Nh5 20. Rac1 f5 21. exf5 gxf5 22. Nd4 Ng5 23. Nxf5 Rxf5 24.
Qxf5 Bc8 25. Qg6 Nf6 26. Bxe5 Rf8 27. Bxf6 Qxf6 28. Qxf6 Bxf6 29. Ne4 Bd4 30. Rc2 Nf7 31. Ng3 Ne5 32. Bf1 Rf7 33. b5 Bb7 34. bxa6 Bxd5 35. Ne4 Nd7 36. Bc4 Bxc4 37. Rxc4 c5 38. Nxd6 Rf8 39. Re8 Bxf2+ 40. Kf1 Rxe8 41. Nxe8 Ne5 42. Re4 Nc6 43. Nd6 Bd4 44. Re8+ Kg7 45. Rc8 Nxa5 46. a7 Nb3 47. a8=Q Nd2+ 48. Ke2 Nb1 49. Rg8+ Kf6 50. Qf8+ Ke6 51. Rg6+ Kd5 52. Qf7+ Kc6 53. Ne4+ Kb5 54.
Qb3+ Ka5 55. Qxb1 c4 56. Qa2+ Kb4 57. Rb6+ Bxb6 58. Qb2+ Ka5 59. Qxb6+ Kxb6 60. Nc3 Kc5 61. Kd2 Kd4 62. Ne2+ Ke4 63. Ke1 Ke3 64. Kf1 Kd3 65.
Kf2 Ke4 66. g3 h5 67. h4 Kf5 68. Kf3 Ke5 69. Nc3 Kf5 70. Na4 Ke5 71. Nc3 Kf5 72. Ne4 Ke5 73. Ke3 Kf5 74. Nf2 Ke5 75. Kf3 Kf5 76. Ke3 Ke5 77. Nd1 Kf5 78. Kd2 Kg4 79. Ne3+ Kxg3 80. Nf5+ Kg4 81. Ng7 Kxh4 82.
Nxh5 Kxh5 83. Kc3 Kg4 84. Kxc4 1/2-1/2

[Event "*** SCC Grand Prix: Titled Tuesday Blitz"]
[Site "Chess.com"]
[Date "2020.08.11"]
[Round "8"]
[White "Alex_Belezky"]
[Black "RusPakhom"]
[Result "1-0"]
[WhiteElo "2476"]
[BlackElo "2296"]
[TimeControl "180+1"]
[EndTime "11:36:01 PDT"]
[Termination "Alex_Belezky won by resignation"]

1. Nf3 Nf6 2. g3 c6 3. Bg2 d5 4.
d3 Bg4 5. O-O Nbd7 6. c4 e6 7.
Be3 Bc5 8. Bxc5 Nxc5 9. Qc2 Bxf3 10. Bxf3 Ncd7 11. Nd2 O-O 12. Bg2 Qb6 13. Rab1 a5 14.
b3 Rad8 15. Nf3 Rfe8 16. Nd2 Nc5 17. a3 Ncd7 18. Nf3 Ra8 19. Qc3 h6 20. Qd4 Qxd4 21. Nxd4 Nc5 22. Nc2 Red8 23. Rfe1 Kf8 24. Bf3 g6 25. h4 h5 26. Kg2 Ke7 27. Red1 Ra7 28.
Rdc1 Rda8 29. Ne3 Ncd7 30. Nc2 Ne5 31. Ne3 Nfd7 32. Rc2 Nf6 33. Rcc1 Nfd7 34. cxd5 exd5 35. d4 Nxf3 36. Kxf3 Kd6 37. Ng2 Re8 38. Nf4 Nf8 39. e3 Ne6 40. Nd3 f6 41. Nf4 Nxf4 42. gxf4 f5 43. Rg1 Re6 44. Rg5 Ke7 45. Rc1 Kf7 46.
Rgg1 Re7 47. Rc5 Re6 48. Rb1 Re7 49. b4 axb4 50. axb4 Ra6 51. b5 Rb6 52. Ra1 Rxb5 53. Rxb5 cxb5 54. Rb1 Ke6 55. Rxb5 Kd6 56. Rb6+ Kc7 57.
Rxg6 b5 58. Ke2 Re8 59. Kd3 Ra8 60. Kc3 Ra2 61. Kb4 Rxf2 62. Kxb5 Rh2 63. Kc5 Rxh4 64. Rg7+ Kd8 65. Kxd5 Rh3 66. Ke5 Rxe3+ 67. Kxf5 h4 68. Rh7 h3 69. d5 Rd3 70. Ke6 Re3+ 71. Kd6 Ke8 72. f5 Kf8 73. f6 Kg8 74. Rh4 Kf7 75. Rh6 h2 76. Rxh2 Kxf6 77. Rf2+ Kg7 78. Kd7 Rd3 79. d6 Kg8 80. Ke7 Re3+ 81. Kd8 Rc3 82. d7 Rc4 83. Ke7 Re4+ 84. Kd6 Rd4+ 85. Ke6 Rd1 86.
Rf5 1-0

[Event "*** SCC Grand Prix: Titled Tuesday Blitz"]
[Site "Chess.com"]
[Date "2020.08.11"]
[Round "8"]
[White "chenxiaoyuer"]
[Black "Kotofeyca"]
[Result "1/2-1/2"]
[WhiteElo "2443"]
[BlackElo "2297"]
[TimeControl "180+1"]
[EndTime "11:36:05 PDT"]
[Termination "Game drawn by repetition"]

1. e4 c5 2. Nf3 d6 3. d4 cxd4 4. Nxd4 Nf6 5. Nc3 a6 6. Be2 e5 7.
Nb3 Be7 8. O-O O-O 9. Kh1 b5 10. a4 b4 11. Nd5 Nbd7 12. Nxb4 Nxe4 13. Nc6 Qe8 14. Qd5 Ndf6 15. Nxe7+ Qxe7 16. Qxa8 Bb7 17. Qa7 Ng3+ 18. hxg3 Bxg2+ 19. Kxg2 Qxa7 20. Be3 Qa8+ 21. Bf3 e4 22. Be2 Qc6 23. Nd4 Qb7 24. b3 Nd5 25.
Bc4 Nc3 26. Kg1 d5 27. Be2 f5 28. Rfe1 h6 29. Bd2 Nxe2+ 30. Rxe2 g5 31. Bc1 Qd7 32. Bb2 f4 33. Rae1 f3 34. Kh2 fxe2 35. Rxe2 Qg4 36.
Rd2 h5 37. Nc6 Rf7 38. Ne5 Qf5 39. Nxf7 Kxf7 40. Bd4 Ke6 41. Be3 h4 42. Rd4 h3 43.
b4 g4 44. Bf4 Qf6 45. c3 Qe7 46. c4 Qd7 47. cxd5+ Kf5 48. d6 Ke6 49. b5 axb5 50. axb5 Kf7 51. b6 Ke8 52. b7 Qxb7 53. d7+ Qxd7 54.
Rxd7 Kxd7 55. Be3 Ke6 56. Kg1 Kd5 57. Kf1 Kc4 58. Bg5 Kd3 59. Be3 Kc2 60. Bb6 Kd1 61.
Bc7 Kd2 62. Bf4+ Kd1 63. Be3 Kc2 64. Kg1 Kd1 65. Kh2 Ke2 66. Ba7 Kf1 67. Be3 Ke2 68.
Ba7 Kf3 69. Kg1 Ke2 70. Be3 Ke1 71. Bg5 Ke2 72. Be3 Ke1 73. Ba7 Kd2 74. Be3+ Ke2 75. Ba7 Ke1 76. Be3 Kd1 77. Ba7 Kd2 78. Be3+ Ke2 79.
Ba7 Ke1 80. Be3 Ke2 1/2-1/2

[Event "*** SCC Grand Prix: Titled Tuesday Blitz"]
[Site "Chess.com"]
[Date "2020.08.11"]
[Round "8"]
[White "Azoulas1"]
[Black "Blagorod"]
[Result "0-1"]
[WhiteElo "2003"]
[BlackElo "2122"]
[TimeControl "180+1"]
[EndTime "11:36:06 PDT"]
[Termination "Blagorod won on time"]

1. d4 d5 2. c4 Nc6 3. Nf3 Bg4 4.
cxd5 Bxf3 5. dxc6 Bxc6 6. Nc3 e6 7. e4 Bb4 8. f3 Qh4+ 9. g3 Qh5 10. Be3 O-O-O 11.
Bg2 f5 12. e5 Ne7 13. O-O Bxc3 14. bxc3 Nd5 15. Bd2 f4 16. g4 Qh4 17. Be1 Qh6 18. Bf2 Nxc3 19. Qd2 Nd5 20. Rac1 Qg6 21. Qa5 h5 22. h3 hxg4 23. hxg4 Qh6 24. Rfe1 Qh2+ 25. Kf1 Ne3+ 26. Bxe3 fxe3 27. Rxe3 Qf4 28. Rxc6 bxc6 29.
Rc3 Qd2 30. Qa6+ Kd7 31. Qxc6+ Ke7 32. Qxc7+ Rd7 33. Qc5+ Kf7 34. Rc2 Qd3+ 35. Kf2 Qxd4+ 36. Qxd4 Rxd4 37. Rc7+ Kg6 38. Rxa7 Rb8 39. Ra6 Kf7 40.
Kg3 Rd2 41. Ra7+ Kf8 42. Bh3 Rbb2 43. g5 Re2 44. Bxe6 Rxe5 45. Bb3 Rxg5+ 46. Kf4 Rgg2 47. Rf7+ Ke8 48. Ra7 Rh2 49. Rxg7 Rh4+ 50. Rg4 Rhh2 51. Rg8+ Ke7 52. Rg7+ Ke8 53. Kf5 Rbd2 54. f4 Rh5+ 55.
Kg4 Rhh2 56. Rg5 Rdg2+ 57. Kf5 Rd2 58. Kf6 Rd6+ 59. Ke5 Rdd2 60. f5 Rhe2+ 61. Kf6 Rd6+ 62. Be6 Kd8 63. Rg8+ Kc7 64. Rg7+ Kb6 65. Re7 Rd1 66.
Kf7 Rh2 67. Re8 Rh7+ 68. Kg6 Rh2 69. f6 Rg1+ 70. Kf5 Rf2+ 71. Ke4 Re1+ 72. Kd3 Rxf6 73. Rb8+ Kc7 74. Rc8+ Kb7 0-1

[Event "*** SCC Grand Prix: Titled Tuesday Blitz"]
[Site "Chess.com"]
[Date "2020.08.11"]
[Round "8"]
[White "Twitch_ElhamBlitz05"]
[Black "olksuna"]
[Result "1/2-1/2"]
[WhiteElo "2757"]
[BlackElo "2645"]
[TimeControl "180+1"]
[EndTime "11:36:10 PDT"]
[Termination "Game drawn by agreement"]

1. e4 d6 2. d4 Nf6 3. Nc3 c6 4.
Nf3 Bg4 5. Be2 e6 6. Be3 d5 7.
Bd3 Bb4 8. exd5 cxd5 9. O-O O-O 10. Nb1 Nc6 11. c3 Bd6 12. Nbd2 h6 13. h3 Bf5 14. Qc2 Bxd3 15. Qxd3 Rb8 16. a4 a6 17. Rfe1 Re8 18. b4 Rc8 19. Nb3 e5 20. dxe5 Nxe5 21. Nxe5 Bxe5 22. Bd4 Bxd4 23. Qxd4 Ne4 24. Nc5 Nxc5 25.
bxc5 Qd7 26. Rxe8+ Rxe8 27. c4 Rd8 28. Rd1 Qxa4 29.
cxd5 Qxd4 30. Rxd4 Rc8 31. Rc4 Kf8 32. f4 b6 33. c6 Ke7 34. c7 Kd7 35. Rc6 b5 36. Rxa6 Rxc7 37. Rb6 Rc5 38. d6 Rf5 39. g3 g5 40. fxg5 hxg5 41. Kg2 Rc5 42. Kf3 f5 43. h4 Rc3+ 44. Kg2 f4 45. gxf4 gxh4 46. Rxb5 Kxd6 47.
Re5 h3+ 48. Kf2 h2 49. Rh5 Rc2+ 50. Kf3 Ke6 51. Kg4 Rg2+ 52. Kf3 Rc2 53. Ke4 Re2+ 54. Kd3 Ra2 55. Ke3 Kf6 56. Kf3 Kg6 57. Rh8 Kf5 58. Kg3 h1=Q 59. Rxh1 Ra3+ 60. Kh4 Kxf4 61. Rf1+ Rf3 62. Ra1 Rf2 63. Ra4+ Kf3 64. Kh3 Rf1 65. Ra3+ Ke2 66. Kg2 Rf2+ 67. Kg3 Rf1 68. Ra2+ Ke3 69. Kg2 Rf5 70. Ra3+ Kf4 71. Rf3+ Ke4 72. Rb3 Rd5 73. Kf2 Re5 74. Ke2 Rd5 75. Re3+ Kd4 76. Rh3 Kc5 77. Ke3 Kd6 78. Ke4 Kc6 79. Rh6+ Rd6 80. Rh8 Kc5 81. Rc8+ Rc6 82. Rh8 Re6+ 83. Kf5 Rc6 1/2-1/2

[Event "*** SCC Grand Prix: Titled Tuesday Blitz"]
[Site "Chess.com"]
[Date "2020.08.11"]
[Round "8"]
[White "ketster"]
[Black "IngOscarArdila"]
[Result "1-0"]
[WhiteElo "2377"]
[BlackElo "2201"]
[TimeControl "180+1"]
[EndTime "11:36:11 PDT"]
[Termination "ketster won on time"]

1. d4 Nf6 2. c4 g6 3. Nc3 Bg7 4. e4 d6 5. Nf3 O-O 6. h3 Nbd7 7. Be3 e5 8. d5 a5 9. g4 Nc5 10. Nd2 Ne8 11. a3 f5 12. gxf5 gxf5 13. Rg1 f4 14. Bxc5 dxc5 15. Qf3 Kh8 16. Nb3 b6 17. Nc1 Qh4 18.
Nd3 Nd6 19. Nc1 Bd7 20. a4 Rf6 21. b3 Rh6 22. Rh1 Rg8 23. Nd3 Bg4 24. Qg2 Bf6 25. Kd2 Be2 26. Qxg8+ Kxg8 27. Bxe2 Kf8 28. Bf3 Rg6 29. Ke2 Qg5 30. h4 Qh6 31. h5 Rg5 32. Rag1 Qg7 33. Rd1 h6 34. Rde1 Qh7 35. Reg1 Qg7 36.
Re1 Ke7 37. Rd1 Qf7 38. Rdg1 Rxg1 39. Rxg1 Bg5 40. Rh1 Qh7 41. Rg1 Qg7 42. Rh1 Kd7 43. Rg1 Qf6 44. Rg2 Ke7 45. Rg1 Kd7 46. Rg2 Kc8 47.
Rg1 Kb7 48. Rg2 c6 49. dxc6+ Kxc6 50. Nd5 Qe6 51. Rg1 Ne8 52. Bg4 Qd6 53. f3 Nc7 54. Nf2 Nxd5 55. exd5+ Kb7 56. Ne4 Qe7 57. Bf5 Qd8 58.
Bg4 Kc7 59. Rd1 Kb7 60. d6 Kc6 61. Rd5 Bf6 62. d7 Bg7 63. Rd6+ Kc7 64. Rg6 Bf8 65.
Rg8 Qe7 66. Rg6 Qh4 67. Nc3 Qh2+ 68. Kd3 Qg1 69. Nd5+ Kd8 70. Ke4 Qb1+ 71. Kxe5 Qb2+ 72. Kf5 Qc2+ 73. Ke6 Qe2+ 74. Kf5 Qd3+ 75. Kf6 Qd4+ 76. Kf7 Qe5 77. Kxf8 1-0

[Event "*** SCC Grand Prix: Titled Tuesday Blitz"]
[Site "Chess.com"]
[Date "2020.08.11"]
[Round "8"]
[White "Gvetadze"]
[Black "BabyBoss31"]
[Result "0-1"]
[WhiteElo "2399"]
[BlackElo "2219"]
[TimeControl "180+1"]
[EndTime "11:36:12 PDT"]
[Termination "BabyBoss31 won by checkmate"]

1. Nf3 d5 2. g3 Nc6 3. Bg2 e5 4. O-O e4 5. Ne1 Nf6 6. d3 exd3 7. exd3 Be7 8. Nc3 O-O 9. Bg5 Be6 10. Nf3 h6 11.
Bf4 a6 12. Ne5 Nxe5 13. Bxe5 c6 14. d4 Nd7 15. Bf4 Re8 16. Qd3 Bg5 17. Bxg5 Qxg5 18. Rfe1 Bf5 19. Qd1 Nf6 20. Ne2 Bg4 21. Qd3 Bxe2 22.
Rxe2 Rxe2 23. Qxe2 Re8 24. Qd3 Qg4 25. h3 Qe2 26. Bf1 Qxd3 27. Bxd3 g6 28. f3 Nh5 29.
Kf2 Kg7 30. a4 Kf6 31. Ra3 b5 32. axb5 axb5 33. Ra6 Re6 34. b3 Ng7 35. c4 bxc4 36. bxc4 Ne8 37. c5 Nc7 38. Ra7 Re7 39. Ra4 Ne6 40.
Rb4 Ra7 41. Ke3 Ra1 42. Rb6 Re1+ 43. Kd2 Rg1 44. g4 Nxd4 45. Ke3 Ne6 46. Rxc6 Rc1 47. Rd6 Rxc5 48. f4 d4+ 49. Ke4 g5 50. f5 Re5+ 51. Kf3 Re3+ 52. Kf2 Rxd3 53. fxe6 fxe6 54.
Kg2 Rd2+ 55. Kf3 d3 56. Ke3 Rh2 57. Kxd3 Rxh3+ 58. Ke2 Rg3 59. Rd4 Ke5 60. Ra4 Rc3 61. Kf2 Rb3 62. Kg2 Kf6 63. Ra6 Ke5 64. Ra4 Rc3 65.
Kf2 Kd5 66. Ra6 Rb3 67. Ra4 e5 68. Ra6 e4 69. Rxh6 Ke5 70. Rh8 Kf4 71. Re8 Rb2+ 72.
Ke1 Ke3 73. Kf1 Rb1+ 74. Kg2 Kd3 75. Rd8+ Ke2 76. Rd5 e3 77. Rxg5 Kd2 78. Rd5+ Ke1 79. g5 e2 80. g6 Rb6 81. Rg5 Kd2 82. Rd5+ Ke3 83. Re5+ Kd2 84. Rd5+ Ke3 85. Re5+ Kd3 86. Kf2 Rf6+ 87. Kg3 Rxg6+ 88. Kf2 Rf6+ 89. Kg3 Rf1 90.
Rd5+ Kc2 91. Rc5+ Kb3 92. Rb5+ Kc4 93. Re5 e1=Q+ 94. Rxe1 Rxe1 95. Kf2 Rd1 96. Kf3 Rd8 97. Ke2 Ra8 98. Ke3 Kd5 99. Kf4 Re8 100. Kf5 Rf8+ 101. Kg6 Ke6 102. Kg7 Rf1 103. Kh8 Rg1 104. Kh7 Kf6 105. Kh8 Kf7 106. Kh7 Rh1# 0-1

[Event "*** SCC Grand Prix: Titled Tuesday Blitz"]
[Site "Chess.com"]
[Date "2020.08.11"]
[Round "8"]
[White "StephenDedalus83"]
[Black "The_Machine04"]
[Result "1/2-1/2"]
[WhiteElo "2765"]
[BlackElo "2278"]
[TimeControl "180+1"]
[EndTime "11:36:13 PDT"]
[Termination "Game drawn by repetition"]

1. e4 d6 2. d4 Nf6 3. Nc3 e5 4. Nf3 Nbd7 5. Bc4 Be7 6. O-O O-O 7. Re1 c6 8. a4 b6 9. h3 a6 10. Ba2 Bb7 11. Nh4 g6 12. Bh6 Re8 13. Nf3 Bf8 14. Qd2 Bxh6 15. Qxh6 Nf8 16. dxe5 dxe5 17. Ng5 Re7 18.
Rad1 Qc7 19. Rd3 Kh8 20. Qh4 Kg7 21. Rf3 h6 22. Ne6+ Rxe6 23. Bxe6 g5 24. Qg3 Nxe6 25.
Rd3 Nf4 26. Rdd1 Rd8 27. Rxd8 Qxd8 28. Qf3 Qe7 29. Rd1 Bc8 30. Qe3 Qe6 31. b3 b5 32.
axb5 axb5 33. Ne2 N6h5 34. Nc1 g4 35. h4 g3 36. fxg3 Qg4 37. Qf3 Nxg3 38. Qxg4+ Bxg4 39. Rd6 Nxe4 40. Rxc6 Nf6 41. g3 Ne2+ 42. Nxe2 Bxe2 43. Kf2 Bg4 44. Ke3 Bd7 45. Rc5 e4 46. Kf4 Kg6 47. c4 bxc4 48. bxc4 h5 49. Rg5+ Kh7 50. Ra5 Kg7 51.
Ra6 Be6 52. c5 Kf8 53. c6 Ke7 54. c7 Nd5+ 55. Kxe4 Nxc7 56. Ra5 Bg4 57. Kf4 Ne6+ 58. Ke5 f6+ 59. Ke4 Kf7 60. Ra8 Kg6 61. Rg8+ Ng7 62. Kf4 Kf7 63. Rh8 Kg6 64. Rg8 Kf7 65. Ra8 Ne6+ 66.
Ke3 Ng7 67. Ra7+ Kg6 68. Kf4 Ne6+ 69. Ke3 Ng7 70. Kf4 Nf5 71. Ra8 Nh6 72. Ra5 Nf7 73. Rb5 Ne5 74. Ra5 Nd3+ 75. Ke3 Ne5 76. Kf4 Nf7 77.
Rb5 Nd6 78. Ra5 Ne8 79. Ra6 Ng7 80. Rb6 Ne6+ 81. Ke3 Ng7 82. Ra6 Ne6 83. Rb6 Kf5 84. Rb5+ Kg6 85. Rb6 1/2-1/2